 Dungeon Crawl Stone Soup version 0.29-a0-222-g5b244fca1f (webtiles) character file.

Game seed: 5084487080275064336

15966 enile the Fighter (level 12, -8/100 HPs)
             Began as a Formicid Arcane Marksman on Feb 27, 2022.
             Was an Elder of Nemelex Xobeh.
             Killed from afar by a fire dragon (39 damage)
             ... with a blast of flame
             ... on level 9 of the Dungeon on Feb 28, 2022.
             The game lasted 00:36:08 (14938 turns).

enile the Fighter (Formicid Arcane Marksman)       Turns: 14938, Time: 00:36:08

Health: -8/100     AC: 28    Str: 27    XL:     12   Next: 64%
Magic:  18/18      EV:  8    Int: 17    God:    Nemelex Xobeh [****..]
Gold:   533        SH: 10    Dex: 13    Spells: 12/13 levels left

rFire   . . .      SeeInvis +   O - +7 war axe "Ant's Regret" {freeze, Will++ Str+5}
rCold   . . .      Faith    .   d - +0 kite shield
rNeg    . . .      Spirit   .   U - +0 plate armour
rPois   .          Reflect  .   (helmet unavailable)
rElec   .          Harm     .   j - +2 cloak
rCorr   .          Rampage  .   (no gloves)
Will    +++..                   k - +2 pair of boots
Stlth   ..........              Q - amulet of Nysalon {RegenMP Str+4 Int+4}
HPRegen 0.26/turn               m - +4 ring of protection
MPRegen 0.56/turn               S - +4 ring of protection

@: no status effects
A: permanent stasis, dig shafts and tunnels, antennae 3, four strong arms
a: Dig, Shaft Self, Renounce Religion, Draw Escape, Draw Destruction, Draw
Summoning, Triple Draw, Deal Four


You were on level 9 of the Dungeon.
You worshipped Nemelex Xobeh.
Nemelex Xobeh was greatly pleased with you.
You visited 1 branch of the dungeon, and saw 14 of its levels.

You collected 533 gold pieces.

Inventory:

Hand Weapons
 e - a +1 hand axe of freezing
 q - a +0 great mace
 E - a +0 flail
 G - the +9 flail of Fuhyasegg {venom, Str+5 Int+4 Stlth-}
   (You found it on level 4 of the Dungeon)

   It poisons the flesh of those it strikes.
   Str:       It affects your strength (+5).
   Int:       It affects your intelligence (+4).
   Stlth:     It makes you less stealthy.
 L - a +0 morningstar
 O - the +7 war axe "Ant's Regret" (weapon) {freeze, Will++ Str+5}
   (You found it on level 5 of the Dungeon)

   It freezes those it strikes, dealing additional cold damage.
   It can also slow down cold-blooded creatures.
   Str:       It affects your strength (+5).
   Will:      It greatly increases your willpower.
Missiles
 a - 3 throwing nets
 l - 9 boomerangs
 y - 9 javelins
 T - 13 poisoned darts
Armour
 b - a +0 robe
 d - a +0 kite shield (worn)
 j - a +2 cloak (worn)
 k - a +2 pair of boots (worn)
 w - a +3 chain mail
 P - a +1 leather armour of positive energy
 U - a +0 plate armour (worn)
Jewellery
 f - a ring of resist corrosion
 m - a +4 ring of protection (left hand)
 r - a ring of positive energy
 t - a ring of poison resistance
 z - the ring of Ucuceep {*Corrode rElec rPois Int+3 Dex+5}
   (You found it on level 5 of the Dungeon)

   [ring of poison resistance]

   Int:       It affects your intelligence (+3).
   Dex:       It affects your dexterity (+5).
   rElec:     It insulates you from electricity.
   rPois:     It protects you from poison.
   *Corrode:  It may corrode you when you take damage.
 Q - the amulet of Nysalon (around neck) {RegenMP Str+4 Int+4}
   (You found it on level 7 of the Dungeon)

   [amulet of magic regeneration]

   It increases your rate of magic regeneration.
   Str:       It affects your strength (+4).
   Int:       It affects your intelligence (+4).
 S - a +4 ring of protection (right hand)
 W - a ring of positive energy
Wands
 c - a wand of paralysis (1) (quivered)
 A - a wand of mindburst (2)
 K - a wand of iceblast (9)
 X - a wand of acid (3)
Scrolls
 h - 5 scrolls of teleportation
 i - 2 scrolls of blinking
 n - a scroll of immolation
 p - a scroll of noise
 v - a scroll of enchant weapon
 B - a scroll of amnesia
 D - a scroll of fog
 M - 4 scrolls of vulnerability
 Y - a scroll of identify
 Z - a scroll of brand weapon {unknown}
Potions
 g - a potion of heal wounds
 o - 3 potions of curing
 s - a potion of haste
 u - 4 potions of lignification
 x - 2 potions of ambrosia {unknown}
 C - a potion of might {unknown}
 F - 3 potions of flight {unknown}
 H - a potion of cancellation {unknown}
 I - a potion of invisibility {unknown}
 J - 2 potions of berserk rage {unknown}
 N - 4 potions of mutation {unknown}
 R - 2 potions of brilliance
Miscellaneous
 V - a phial of floods (inert)


   Skills:
 + Level 11.2 Fighting
 - Level 5.0 Axes
 - Level 2.1(2.4) Slings
 - Level 1.4(2.0) Throwing
 - Level 9.0 Armour
 - Level 5.0 Dodging
 - Level 5.7 Stealth
 - Level 7.0 Shields
 - Level 1.1 Spellcasting
 - Level 3.6 Hexes
 - Level 9.1 Invocations
 - Level 8.0 Evocations


You had 12 spell levels left.
You knew the following spells:

 Your Spells              Type           Power      Damage    Failure   Level
a - Slow                  Hex            52%        N/A       67%         1

Your spell library contained the following spells:

 Spells                   Type           Power      Damage    Failure   Level
 Ensorcelled Hibernation  Hex/Ice        14%        N/A       96%         2
 Summon Small Mammal      Summ           0%         N/A       99%         1
 Passwall                 Tmut/Erth      0%         N/A       99%         2
 Inner Flame              Hex/Fire       7%         N/A       99%         3
 Portal Projectile        Hex/Tloc       14%        N/A       99%         3
 Summon Guardian Golem    Hex/Summ       7%         N/A       99%         3
 Call Canine Familiar     Summ           0%         N/A       100%        3
 Cause Fear               Hex            6%         N/A       100%        4
 Alistair's Intoxication  Tmut/Pois      0%         N/A       100%        5
 Borgnjor's Vile Clutch   Necr/Erth      0%         N/A       100%        5
 Summon Forest            Summ/Tloc      0%         N/A       100%        5
 Eringya's Noxious Bog    Tmut/Pois      0%         N/A       100%        6
 Summon Hydra             Summ           0%         N/A       100%        7
 Swiftness                Air            Unusable   N/A       N/A         3

Dungeon Overview and Level Annotations

Branches:
Dungeon (14/15)            Temple (0/1) D:7             Orc (0/2) D:10
   Lair: D:8-11      Vaults: D:13-14

Altars:
Ashenzari
Dithmenos
Fedhas
Hepliaklqana
Nemelex Xobeh
Sif Muna
Uskayaw
Wu Jian
Yredelemnul
Zin
The Shining One

Annotations:
D:5 3 runed translucent doors, domi's ghost, amateur DsWz


Innate Abilities, Weirdness & Mutations

You cannot be hasted, slowed, berserked, paralysed or teleported.
You can dig through walls and to a lower floor.
You have a pair of large antennae on your head. (SInv)
Your four strong arms can wield two-handed weapons with a shield.


Message History

The fire dragon breathes flames at you. The blast of flame hits you!!
The fire dragon bites you! The fire dragon claws you.
You block the fire dragon's attack.
Okay, then.
The fire dragon breathes flames at you. The blast of flame hits you!!
Okay, then.
Throw: 3 throwing nets
Press: ? - help, Q - select action, (/) - cycle Shift-Dir - straight line, f - fire dragon
Aim: a fire dragon (71% to hit, immune to nets)
Okay, then.
Aiming: Paralyse
Press: ? - help, Q - select action, (/) - cycle Shift-Dir - straight line, f - fire dragon
Aim: a fire dragon (chance to affect: 32%)
Okay, then.
As you read the scroll of fog, it crumbles to dust.
The scroll dissolves into smoke.
The fire dragon breathes flames at you. The blast of flame misses you.
Okay, then.
The fire dragon breathes flames at you. The blast of flame hits you!!
* * * LOW HITPOINT WARNING * * *
As you read the scroll of fog, it crumbles to dust.
The scroll dissolves into smoke.
You feel much better. The fire dragon breathes flames at you.
The blast of flame hits you!!
* * * LOW HITPOINT WARNING * * *
Okay, then.
You feel much better. The fire dragon breathes flames at you.
The blast of flame hits you but does no damage.
As you read the scroll of fog, it crumbles to dust.
The scroll dissolves into smoke.
The fire dragon breathes flames at you. The blast of flame hits you!!!
You die...
Your body glows with a rainbow of weird colours and disappears.

#############
##...........##
#..####.####..#
#..##.....##..# .
#§§#.......#..# #.
#§§#.......#..#
#.########§§D..._......##
####
##........§§§#§......#...#
#.y§
#.....§§§§§§§#.@.....#...#
#..#
.......§§§§§{##.....##...#
#..#
#.........§§§####.####...#
#...
#........§§§§§...†.......#
#..#
#....§.§§§..#####..###...#
#.)# #.......§§..# #..#
##..# #..# #!.....§....#
#..# #..# #..#
#...........# #..# #..#
#... #...........# #..#
#..# #...


You could see a fire dragon (catching breath).

Vanquished Creatures
  A boulder beetle (shapeshifter) (D:9)
  A hydra (D:9)
  Harold (D:9)
  A centaur warrior (D:14)
  A two-headed ogre (D:12)
  2 wizards (D:9)
  2 cyclopes (D:12)
  An ugly thing (D:7)
  A black mamba (shapeshifter) (D:13)
  A gargoyle (D:13)
  2 komodo dragons
  2 unseen horrors
  3 trolls
  A slime creature (D:14)
  A wraith (D:12)
  A basilisk (D:9)
  5 yaks
  3 water moccasins
  6 orc warriors
  An ice beast (D:6)
  A hornet zombie (D:8)
  4 necrophages
  3 ogres
  7 centaurs
  3 phantoms
  3 kobold brigands
  4 gnoll sergeants
  3 bullfrogs (D:8)
  4 scorpions
  A wyvern zombie (D:8)
  14 killer bees
  4 wights (D:6)
  2 howler monkeys (D:7)
  5 centaur zombies (D:8)
  A human zombie (D:8)
  2 jellies (D:4)
  9 orc priests
  A gnoll shaman (D:6)
  6 hounds
  3 iguanas
  7 orc wizards
  2 killer bee zombies (D:8)
  A howler monkey zombie (D:8)
  25 gnolls
  8 adders
  A shadow imp (D:6)
  3 white imps
  2 ufetubi (D:5)
  4 worms
  A dart slug (D:1)
  44 orcs
  6 ball pythons
  2 bats
  6 endoplasms
  6 giant cockroaches
  3 goblins
  6 hobgoblins
  2 jackals (D:2)
  A quokka (D:4)
  2 frilled lizards
  A kobold (D:4)
  11 rats
261 creatures vanquished.

Vanquished Creatures (collateral kills)
  A hydra (D:12)
  A boulder beetle (D:12)
  A cyclops (D:9)
  A yak (D:12)
  An orc warrior (D:10)
  3 killer bees (D:9)
  A gnoll (D:10)
9 creatures vanquished.

Vanquished Creatures (others)
  A troll (D:10)
  An ogre (D:10)
  A killer bee (D:10)
  42 plants (D:9)
45 creatures vanquished.

Grand Total: 315 creatures vanquished

Notes
Turn   | Place    | Note
-------+----------+-------------------------------------------
     0 | D:1      | enile the Formicid Arcane Marksman began the quest for the
                  | Orb.
     0 | D:1      | Reached XP level 1. HP: 15/15 MP: 2/2
    67 | D:1      | You fall into a shaft and drop 1 floor!
   360 | D:1      | Reached skill level 2 in Fighting
   378 | D:1      | Reached XP level 2. HP: 22/22 MP: 3/3
   885 | D:1      | Found a faded altar of an unknown god.
   893 | D:1      | Prayed at the altar of an unknown god.
   893 | D:1      | Became a worshipper of Sif Muna the Loreminder
   893 | D:1      | Reached * piety under Sif Muna
  1272 | D:2      | Reached skill level 3 in Fighting
  1272 | D:2      | Reached XP level 3. HP: 25/29 MP: 4/4
  1870 | D:3      | Reached skill level 4 in Fighting
  1870 | D:3      | Reached XP level 4. HP: 18/37 MP: 5/5
  2167 | D:3      | Reached ** piety under Sif Muna
  2178 | D:3      | Reached XP level 5. HP: 22/43 MP: 6/6
  2443 | D:4      | Noticed a kobold brigand
  2570 | D:3      | Reached skill level 5 in Fighting
  3205 | D:3      | Found a shimmering blue altar of Sif Muna.
  3642 | D:4      | Killed a kobold brigand
  3643 | D:4      | Reached XP level 6. HP: 25/51 MP: 7/7
  4023 | D:4      | Reached skill level 1 in Axes
  4182 | D:4      | Reached XP level 7. HP: 36/56 MP: 8/8
  4441 | D:4      | Reached skill level 6 in Fighting
  4470 | D:4      | You fall into a shaft and drop 1 floor!
  4470 | D:5      | Entered Level 5 of the Dungeon
  4478 | D:5      | Found a runed translucent gate.
  4479 | D:5      | Identified the ring of Ucuceep {*Corrode rElec rPois Int+3
                  | Dex+5}
  4492 | D:5      | Found a runed translucent gate.
  4492 | D:5      | Found a runed translucent gate.
  4492 | D:5      | Noticed domi's ghost (amateur DsWz)
  4792 | D:4      | Reached skill level 7 in Fighting
  5021 | D:4      | Reached skill level 1 in Evocations
  5292 | D:4      | Identified the +9 flail of Fuhyasegg {venom, Str+5 Int+4
                  | Stlth-}
  5435 | D:4      | Reached XP level 8. HP: 67/67 MP: 9/9
  5841 | D:5      | Reached *** piety under Sif Muna
  6295 | D:5      | Reached skill level 5 in Evocations
  6392 | D:5      | Found a sparkling altar of Nemelex Xobeh.
  6482 | D:5      | Identified the +7 war axe "Ant's Regret" {freeze, Will++
                  | Str+5}
  6483 | D:5      | Found a glowing silver altar of Zin.
  6610 | D:5      | Fell from the grace of Sif Muna
  6610 | D:5      | Became a worshipper of Nemelex Xobeh the Trickster
  6709 | D:6      | Reached XP level 9. HP: 61/72 MP: 10/12
  6721 | D:5      | Reached skill level 5 in Invocations
  7174 | D:6      | Found a broken altar of Ashenzari.
  7987 | D:6      | Reached * piety under Nemelex Xobeh
  8132 | D:7      | Found a blossoming altar of Fedhas.
  8132 | D:7      | Found a hazy altar of Hepliaklqana.
  8134 | D:7      | Found a hide-covered altar of Uskayaw.
  8192 | D:7      | Identified the amulet of Nysalon {RegenMP Str+4 Int+4}
  8229 | D:7      | Found a glowing golden altar of the Shining One.
  8454 | D:7      | Received a gift from Nemelex Xobeh
  8524 | D:7      | Noticed a komodo dragon
  8532 | D:7      | Killed a komodo dragon
  8533 | D:7      | Reached skill level 5 in Armour
  8533 | D:7      | Reached XP level 10. HP: 50/79 MP: 16/16
  8783 | D:7      | Found a staircase to the Ecumenical Temple.
  9423 | D:9      | Reached skill level 8 in Fighting
 10010 | D:8      | Reached ** piety under Nemelex Xobeh
 10414 | D:8      | Found a basalt altar of Yredelemnul.
 10640 | D:9      | Noticed a five-headed hydra
 10640 | D:9      | Noticed a cyclops
 10674 | D:9      | Killed a cyclops
 10678 | D:9      | Noticed a wizard
 10679 | D:9      | Noticed a red ugly thing
 10679 | D:9      | Noticed a boulder beetle
 10679 | D:9      | Noticed a fire dragon
 10792 | D:9      | Noticed a wizard
 10795 | D:9      | Noticed a skeletal warrior
 10800 | D:9      | You fall into a shaft and drop 1 floor!
 10800 | D:10     | Entered Level 10 of the Dungeon
 10863 | D:10     | Noticed a komodo dragon
 10871 | D:10     | Killed a komodo dragon
 10872 | D:10     | Reached skill level 5 in Dodging
 11028 | D:10     | Found a staircase to the Orcish Mines.
 11090 | D:10     | Reached skill level 5 in Axes
 11090 | D:10     | Reached XP level 11. HP: 26/87 MP: 17/17
 11102 | D:10     | Reached skill level 1 in Throwing
 11280 | D:10     | Reached skill level 9 in Fighting
 11825 | D:10     | Found a shadowy altar of Dithmenos.
 11980 | D:9      | Noticed a purple ugly thing
 12038 | D:9      | Killed a wizard
 12039 | D:9      | Reached skill level 10 in Fighting
 12039 | D:9      | Reached skill level 5 in Stealth
 12119 | D:9      | Noticed Harold
 12131 | D:9      | Killed Harold
 12337 | D:9      | You fall into a shaft and drop 3 floors!
 12337 | D:12     | Reached *** piety under Nemelex Xobeh
 12416 | D:12     | Noticed a cyclops
 12425 | D:12     | Noticed a boulder beetle
 12431 | D:12     | You fall into a shaft and drop 1 floor!
 12618 | D:13     | Noticed a salamander
 12628 | D:13     | a salamander changed into a black mamba
 12762 | D:13     | Noticed a cyan ugly thing
 12774 | D:14     | Reached skill level 5 in Shields
 12827 | D:14     | Was forgiven by Sif Muna
 12872 | D:14     | Noticed a centaur warrior
 12884 | D:14     | Killed a centaur warrior
 13064 | D:12     | Received a gift from Nemelex Xobeh
 13116 | D:12     | Noticed a cyclops
 13139 | D:12     | Noticed a five-headed hydra
 13194 | D:12     | Killed a five-headed hydra
 13219 | D:12     | Killed a boulder beetle
 13220 | D:12     | Reached skill level 11 in Fighting
 13220 | D:12     | Reached XP level 12. HP: 46/100 MP: 18/18
 13265 | D:12     | Noticed a two-headed ogre
 13275 | D:12     | Killed a two-headed ogre
 14234 | D:9      | Killed a five-headed hydra
 14354 | D:9      | Noticed a boulder beetle
 14363 | D:9      | Killed a boulder beetle
 14808 | D:9      | Reached **** piety under Nemelex Xobeh
 14866 | D:9      | Found an ornate altar of the Wu Jian Council.
 14938 | D:9      | Killed from afar by a fire dragon

Illustrated notes

Levels and vault maps discovered:
D:1:      dpeg_arrival_three_same_balls, layout_loops_ring,
          ebering_ecumenical_altar_box, minmay_octomino_c4
D:2:      layout_loops_ring
D:3:      layout_loops_ring, nicolae_sif_muna_little_library,
          chequers_serial_rivers_micro_b
D:4:      layout_layer_cave
D:5:      layout_layer_cave, mainiacjoe_overflow_big_doors,
          gammafunk_ghost_nasty_kobolds
D:6:      layout_loops_corners, ashenzari_conservatory_becter,
          serial_bayou_pond_e, st_stairs_13, grunt_ministairs_11
D:7:      layout_basic, nicolae_overflow_quartered_altars,
          minmay_temple_entry_nine_rooms, lemuel_another_geyser
D:8:      layout_rooms, lemuel_mausoleum_altar_yredelemnul
D:9:      layout_long_grid, old_standard_altar, david_lair_shrubbed,
          minivault_28, uniq_harold
D:10:     layout_irregular_city, kennysheep_little_box,
          kennysheep_orc_monster_closet_entryway, serial_rivers,
          chequers_serial_rivers_room_a, chequers_serial_rivers_micro_c,
          chequers_serial_rivers_marsh, chequers_serial_rivers_room_b,
          chequers_serial_rivers_room_a
D:11:     layout_irregular_city, serial_shops, shop, uniq_erolcha, uniq_maurice,
          uniq_urug
D:12:     layout_irregular_city, serial_column_ruins,
          column_ruins_columns_corner, column_ruins_columns_corner,
          column_ruins_columns_straight, column_ruins_columns_dead_end,
          gauntlet_entry_generic, minivault_25_ag
D:13:     layout_loops_ring
D:14:     layout_irregular_city, david_vaults_5,
          nicolae_ru_the_path_less_chosen, minivault_14, okawaru_trees_1

Skill      XL: |  1  2  3  4  5  6  7  8  9 10 11 12 |
---------------+-------------------------------------+-----
Fighting       | 2 3 4 5 7 8 11 | 11.2
Dodging        | 3 5 |  5.0
Armour         | 2 3 5 7 9 |  9.0
Axes           | 2 5 |  5.0
Evocations     | 2 5 8 |  8.0
Stealth        | 4 5 |  5.7
Invocations    | 4 9 |  9.1
Throwing       | 1 |  1.4
Shields        | 7 |  7.0
Slings         | |  2.1
Spellcasting   | |  1.1
Hexes          | |  3.6

Action                   |  1- 3 |  4- 6 |  7- 9 | 10-12 || total
-------------------------+-------+-------+-------+-------++-------
Melee: Hand axe          |    84 |    97 |       |       ||   181
       Punch             |     2 |     1 |     6 |       ||     9
       War axe           |       |    74 |   198 |   287 ||   559
       Flail             |       |       |    40 |       ||    40
 Fire: Hunting sling     |    13 |       |       |       ||    13
Throw: Boomerang         |       |     3 |     2 |       ||     5
       Javelin           |       |       |     4 |    11 ||    15
       Dart              |       |       |     2 |    21 ||    23
       Throwing net      |       |       |       |     2 ||     2
 Cast: Slow              |     7 |     1 |     1 |       ||     9
Invok: Draw Destruction  |       |       |       |     8 ||     8
       Draw Summoning    |       |       |       |     4 ||     4
       Draw Escape       |       |       |       |     3 ||     3
 Abil: Shaft Self        |     1 |       |       |     3 ||     4
       Dig               |       |       |       |     2 ||     2
Evoke: Wand              |       |     2 |     5 |    37 ||    44
       Phial of floods   |       |       |       |     1 ||     1
  Use: Scroll            |       |     4 |     4 |    13 ||    21
       Potion            |       |     3 |     1 |     4 ||     8
 Stab: Sleeping          |       |     1 |       |       ||     1
       Paralysed         |       |       |     7 |     3 ||    10
       Held in net/web   |       |       |       |     2 ||     2
Armor: Robe              |    48 |    37 |       |       ||    85
       Chain mail        |       |    94 |   142 |    41 ||   277
       Plate armour      |       |       |       |   247 ||   247
Dodge: Dodged            |    68 |    99 |   128 |   183 ||   478
Block: Kite shield       |       |       |       |   106 ||   106

Table legend: (Time is in decaauts)
 A = Elapsed time spent in this place.
 B = Non-inter-level travel time spent in this place.
 C = Inter-level travel time spent in this place.
 D = Time resting spent in this place.
 E = Time spent auto-exploring this place.
 F = Levels seen in this place.
 G = Mean time per level.
                   A        B        C        D        E       F      G
               +--------+--------+--------+--------+--------+-----+--------+
         Total |  15254 |  14452 |    802 |   1140 |  10204 |  14 | 1089.6 |
       Dungeon |  15254 |  14452 |    802 |   1140 |  10204 |  14 | 1089.6 |
               +--------+--------+--------+--------+--------+-----+--------+

Top non-repeatable levels by time:
     D:4: 2421 daAuts
     D:9: 1604 daAuts
     D:8: 1479 daAuts
    D:10: 1445 daAuts
     D:6: 1442 daAuts
     D:3: 1335 daAuts
     D:7: 1215 daAuts
     D:2: 1152 daAuts
     D:5: 1037 daAuts
     D:1: 920 daAuts
    D:12: 539 daAuts
    D:13: 355 daAuts
    D:14: 236 daAuts
    D:11: 68 daAuts
